 Dungeon Sprint DCSS version 0.30.1-11-g7821555f0a (webtiles) character file.

Game seed: 5344585974820205542

1668 Groucho the Unseen (level 8, -1/58 HPs)
             Began as a Spriggan Enchanter on Jan 1, 2024.
             Slain by a neqoxec (4 damage)
             ... in the Dungeon (Sprint II: "The Violet Keep of Menkaure").
             The game lasted 00:01:35 (105 turns).

Groucho the Unseen (Spriggan Enchanter)              Turns: 105, Time: 00:01:36

Health: -1/58      AC:  2    Str:  4      XL:     8   Next: 69%
Magic:  13/18      EV: 19    Int: 17 (19) God:
Gold:   729        SH:  0    Dex: 15      Spells: 20/20 levels left

rFire   . . .        a - +1 dagger
rCold   . . .        (no shield)
rNeg    . . .        b - +0 robe
rPois   .            (helmet restricted)
rElec   .            (no cloak)
rCorr   .            (gloves unavailable)
SInv    +            (boots unavailable)
Will    +....        (no amulet) Stlth
                     (no ring)
HPRegen 0.29/turn    (no ring)
MPRegen 0.16/turn

%: no teleportation
@: berserking (expiring), very quick
A: very small, no large weapons, unfitting armour, see invisible, speed 3, frail
1, passive freeze, devolution 1
a: no special abilities


You were in the Dungeon.
You visited 1 branch You collected 729 gold pieces.

Inventory:

Hand Weapons
 a - a +1 dagger (weapon)
Armour
 b - a +0 robe (worn)
Scrolls
 i - a scroll of blinking
Potions
 c - a potion of invisibility
 d - a potion of curing
 e - a potion of heal wounds
 g - 2 potions of magic


   Skills:
 + Level 5.8 Fighting
 - Level 10.0 Short Blades
 - Level 5.0 Dodging
 - Level 15.0 Stealth
 + Level 6.5 Spellcasting
 - Level 14.0 Hexes


You had 20 spell levels left.
You didn't know any spells.
Your spell library contained the following spells:

 Spells                   Type           Power      Damage    Failure   Level
 Ensorcelled Hibernation  Hex/Ice        58%        N/A       1%          2
 Confusing Touch          Hex            52%        N/A       1%          3
 Dazzling Flash           Conj/Hex       58%        N/A       1%          3
 Tukima's Dance           Hex            52%        N/A       1%          3


Dungeon Overview and Level Annotations

Branches:
Dungeon (1/1)

Altars:


Innate Abilities, Weirdness & Mutations

You are very small and have problems with some larger weapons.
You are too small for most types of armour.
You have supernaturally acute eyesight. (SInv)
You cover ground extremely quickly. (Speed+++)
You are frail. (-10% HP)
A frigid envelope surrounds you and freezes all who hurt you.
You have hidden genetic defects.


Message History

You puncture the neqoxec!
The neqoxec is almost dead.
You puncture the neqoxec!
You kill the neqoxec!
You feel your intelligence returning.
Your Spellcasting skill increases to level 6!
Unknown command.
Unknown command.
You barely miss the neqoxec.
The neqoxec is lightly wounded.
The neqoxec hits you.
* * * LOW HITPOINT WARNING * * *
The neqoxec is very cold.
The neqoxec is heavily wounded.
The neqoxec barely misses you.
Unknown command.
You puncture the neqoxec!
The neqoxec is heavily wounded.
Unknown command.
You puncture the neqoxec!
The neqoxec is severely wounded.
Unknown command.
You closely miss the neqoxec.
The neqoxec is severely wounded.
The neqoxec gestures at you.
Something tries to feed on your intellect!
The neqoxec hits you.
* * * LOW HITPOINT WARNING * * *
The neqoxec is very cold.
The neqoxec is almost dead.
You hit the neqoxec.
The neqoxec is almost dead.
You barely miss the neqoxec.
The neqoxec is almost dead.
Unknown command.
Unknown command.
You hit the neqoxec.
You kill the neqoxec!
The neqoxec hits you.
You die...

##+##
##...##
#..#.†#
####.#.####
##.###'###.#
#...##.##.#
+###'.<.@$#
#...##.##3.#
##.###'###.#
####.#.# ##
#††##†#
##..### ##+#


You could see a neqoxec.

Vanquished Creatures
  2 boulder beetles (D)
  3 neqoxecs (D)
  4 necrophages (D)
  3 worms (D)
12 creatures vanquished.

Vanquished Creatures (others)
  Menkaure (D)
1 creature vanquished.

Grand Total: 13 creatures vanquished

Notes
Turn   | Place    | Note
-------+----------+-------------------------------------------
     0 | D        | Groucho the Spriggan Enchanter began the quest for the Orb.
     0 | D        | Reached XP level 1. HP: 9/9 MP: 5/5
     3 | D        | Noticed a necrophage
     3 | D        | Noticed a necrophage
     3 | D        | Noticed a necrophage
     3 | D        | Noticed a necrophage
     9 | D        | Killed a necrophage
    10 | D        | Reached skill level 6 in Stealth
    10 | D        | Reached skill level 5 in Hexes
    10 | D        | Reached XP level 2. HP: 15/15 MP: 6/8
    10 | D        | Reached XP level 3. HP: 18/18 MP: 6/9
    15 | D        | Killed a necrophage
    16 | D        | Reached skill level 5 in Dodging
    16 | D        | Reached skill level 7 in Stealth
    16 | D        | Reached skill level 5 in Spellcasting
    16 | D        | Reached XP level 4. HP: 25/25 MP: 7/12
    19 | D        | Killed a necrophage
    20 | D        | Reached skill level 5 in Short Blades
    20 | D        | Reached skill level 10 in Stealth
    20 | D        | Reached XP level 5. HP: 30/30 MP: 7/13
    26 | D        | Reached skill level 5 in Fighting
    26 | D        | Reached skill level 12 in Stealth
    46 | D        | Killed Menkaure
    47 | D        | Noticed a boulder beetle
    47 | D        | Noticed a boulder beetle
    56 | D        | Killed a boulder beetle
    57 | D        | Reached skill level 15 in Stealth
    57 | D        | Reached skill level 10 in Hexes
    57 | D        | Reached XP level 6. HP: 19/35 MP: 9/14
    57 | D        | Reached XP level 7. HP: 21/39 MP: 9/15
    59 | D        | Killed a boulder beetle
    60 | D        | Reached skill level 10 in Short Blades
    60 | D        | Reached XP level 8. HP: 23/43 MP: 10/16
    79 | D        | Gained mutation: You have hidden genetic defects. [a
                  | neqoxec]
    90 | D        | Gained mutation: A frigid envelope surrounds you and
                  | freezes all who hurt you. [a neqoxec]
    96 | D        | Gained mutation: You are frail. (-10% HP) [a neqoxec]
   105 | D        | Slain by a neqoxec

Illustrated notes

Levels and vault maps discovered:
D:        the_violet_keep_of_menkaure [sprint2_stairs_cluster_1,
          sprint2_shoproom, sprint2_temple, sprint2_basic_supplies,
          sprint2_obstacle_4, sprint2_obstacle_6, sprint2_obstacle_3,
          sprint2_obstacle_7, sprint2_obstacle_1, sprint2_timed_cluster_1,
          sprint2_smallroom_cluster_1, sprint2_smallroom_final_cluster_1,
          sprint2_transparent_cluster_1, sprint2_second_timed_cluster_1,
          sprint2_sniper_area_1, sprint2_heavy_combat_area_1,
          sprint2_mutation_trap_area_1, sprint2_forest_area_1,
          sprint2_light_combat_area_1, sprint2_behind_water_1,
          sprint2_near_end_vault_1]

Skill      XL: |  1  2  3  4  5  6  7  8 |
---------------+-------------------------+-----
Fighting       | 2 3 4 5 |  5.8
Short Blades   | 3 4 5 9 10 | 10.0
Dodging        | 4 5 |  5.0
Stealth        | 6 7 10 15 | 15.0
Spellcasting   | 4 5 6 |  6.5
Hexes          | 5 10 13 14 | 14.0

Action                     |  1- 3 |  4- 6 |  7- 9 || total
---------------------------+-------+-------+-------++-------
  Melee: Dagger            |     9 |    19 |    26 ||    54
    Use: Potion            |     2 |       |     1 ||     3
   Stab: Invisible         |     3 |     4 |       ||     7
         Sleeping          |     1 |     3 |     1 ||     5
  Dodge: Dodged            |     5 |     6 |     4 ||    15
